AoeStats
← gg_noteam

Pilgrims

509709803Analyzed
3v3 RM · 5d ago on Sep 27, 2026· 33m 56s· 6 players
Game mode
Random Map
Map size
Normal (6 player)
Population
200
Speed
Normal
Resources
Standard
Victory
Conquest
Starting age
Dark Age
Ending age
Imperial Age
RankedLock teamsTeams togetherTeam positionsShared explorationLock speedFull tech treeHidden civsTurbo modeCheats
Victory
Defeat
🇵🇪 Danes · Peru
1511
+17
🇦🇷 Vikings · Argentina
1505
+18
🇦🇷 Italians · Argentina
1412
+21
🇦🇷 Malay · Argentina
1678
-24
🇨🇱 Varangians · Chile
1572
-20
🇦🇷 Danes · Argentina
1367
-12
Danub
3:13 Loom
11:25 Feudal Age
12:03 Double-Bit Axe
13:19 Fishing Lines
13:58 Forging
17:44 Castle Age
19:04 Scale Mail Armor
19:45 Bow Saw
24:56 Gold Mining
25:15 Squires
29:06 Arson
29:06 Gambesons
29:34 Town Watch
Ritiskiti
8:59 Loom
11:31 Feudal Age
16:16 Castle Age
17:10 Fletching
21:07 Double-Bit Axe
23:11 Horse Collar
28:34 Forging
29:19 Bow Saw
Molle
10:50 Feudal Age
10:42 Double-Bit Axe
17:50 Fletching
20:37 Castle Age
18:23 Loom
20:26 Medium Warships
20:17 Bodkin Arrow
20:59 Gold Mining
24:06 Wheelbarrow
29:41 Forging
29:55 Bow Saw
31:50 Iron Casting
31:41 Horse Collar
Leandro Pared10s
7:38 Loom
10:34 Feudal Age
14:41 Castle Age
12:35 Double-Bit Axe
13:03 Fletching
15:16 Bodkin Arrow
18:04 Ballistics
17:26 Fishing Lines
21:02 Bow Saw
23:16 Gillnets
23:35 Town Watch
24:18 Gold Mining
25:07 Clinker Construction
25:08 Careening
26:46 Horse Collar
28:14 Heavy Plow
31:41 Murder Holes
36:56 Imperial Age
gg_noteam
3:42 Loom
13:27 Feudal Age
14:37 Town Watch
17:48 Castle Age
24:42 Scale Mail Armor
27:44 Forging
Speaker
4:08 Loom
10:39 Feudal Age
11:20 Double-Bit Axe
11:41 Town Watch
17:35 Castle Age
18:25 Fletching
19:33 Wheelbarrow
20:11 Bodkin Arrow
20:26 Fishing Lines
21:15 Padded Archer Armor
21:55 Bow Saw
25:09 Gold Mining
30:36 Imperial Age
29:00 Ballistics
28:19 Crossbowman
30:44 Masonry
31:18 Thumb Ring
32:43 Chemistry
31:38 Arbalester
33:54 Bracer
Connection lost

Rejoining the realm…

Still unreachable

The connection could not be restored.

Session expired

The server has moved on; the page needs a fresh start.